 Dungeon Crawl Stone Soup version 0.24-a0-521-g122614b (webtiles) character file.

Game seed: 17159485497881588519

4769 frimble the Slinger (level 10, -7/63 HPs)
             Began as a Halfling Warper on July 30, 2019.
             Was an Elder of Okawaru.
             Killed from afar by an acid dragon (10 damage)
             ... with a splash of acid
             ... on level 9 of the Dungeon.
             The game lasted 00:19:04 (9872 turns).

frimble the Slinger (Halfling Warper)               Turns: 9872, Time: 00:19:04

Health: -7/63      AC: 11    Str: 15    XL:     10   Next: 75%
Magic:  14/14      EV: 15    Int: 11    God:    Okawaru [****..]
Gold:   410        SH:  0    Dex: 15    Spells: 10/12 levels left

rFire    . . .     SeeInvis .   a - +1 dagger (venom)
rCold    + . .     Gourm    .   (shield restricted)
rNeg     . . .     Faith    .   y - +0 leather armour {rPois}
rPois    +         Spirit   .   (no helmet)
rElec    .         Reflect  .   (no cloak)
rCorr    .         Harm     .   v - +0 pair of gloves
MR       .....                  e - +2 pair of boots
Stlth    +++.......             (no amulet)
HPRegen  0.20/turn              o - ring of protection from cold
MPRegen  0.14/turn              m - +4 ring of protection

@: no status effects
A: small, mutation resistance 1
a: Heroism, Renounce Religion


You were on level 9 of the Dungeon.
You worshipped Okawaru.
Okawaru was greatly pleased with you.
You were not hungry.

You visited 2 branches of the dungeon, and saw 10 of its levels.

You collected 410 gold pieces.

Inventory:

Hand Weapons
 a - a +1 dagger of venom (weapon)
 b - a +0 hunting sling
Missiles
 h - 36 poisoned darts (quivered)
 l - 277 stones
 x - 4 atropa-tipped darts
 D - 2 throwing nets
 E - 45 sling bullets
Armour
 e - a +2 pair of boots (worn)
 v - a +0 pair of gloves (worn)
 y - a +0 leather armour of poison resistance (worn)
Jewellery
 m - a +4 ring of protection (right hand)
 o - a ring of protection from cold (left hand)
Wands
 u - a wand of clouds (5)
Scrolls
 c - a scroll of identify
 i - 4 scrolls of remove curse
 k - a scroll of fear {unknown}
 p - 3 scrolls of enchant weapon {unknown}
 s - 3 scrolls of amnesia {unknown}
 t - a scroll of enchant armour {unknown}
 B - a scroll of magic mapping {unknown}
Potions
 j - 2 potions of mutation
 q - 4 potions of magic
 A - a potion of ambrosia
 C - a potion of resistance
 F - a potion of might
Comestibles
 f - 13 rations


   Skills:
 + Level 3.4 Fighting
 - Level 10.0 Short Blades
 - Level 12.1(12.2) Slings
 - Level 2.0(5.9) Throwing
 + Level 2.3 Armour
 + Level 3.0 Dodging
 - Level 5.0 Stealth
 - Level 1.6 Spellcasting
 - Level 4.1 Translocations
 - Level 6.0 Invocations
 + Level 1.4 Evocations


You had 10 spell levels left.
You knew the following spells:

 Your Spells              Type           Power        Failure   Level  Hunger
a - Blink                 Tloc           N/A          11%         2    ###....

Your spell library contained the following spells:

 Spells                   Type           Power        Failure   Level  Hunger
 Gell's Gravitas          Tloc           #.........   21%         3    ####...
 Lesser Beckoning         Tloc           #.........   21%         3    ####...
 Teleport Other           Tloc           #.......     21%         3    ####...
 Shroud of Golubria       Chrm/Tloc      #.....       24%         2    ###....
 Passage of Golubria      Tloc           N/A          56%         4    #####..


Dungeon Overview and Level Annotations

Branches:
Dungeon (9/15)             Temple (1/1) D:4
   Lair: D:8-11         Orc: D:9-12

Altars:
Ashenzari
Cheibriados
Dithmenos
Elyvilon
Fedhas
Gozag
Hepliaklqana
Kikubaaqudgha
Makhleb
Nemelex Xobeh
Okawaru
Qazlal
Ru
Sif Muna
Trog
Vehumet
Wu Jian
Xom
Yredelemnul
Zin
The Shining One
Beogh


Innate Abilities, Weirdness & Mutations

You are small and have problems with some larger weapons.
You are somewhat resistant to further mutation.


Message History

The freezing wraith drains your vigour!
You feel yourself slow down.
Found a papyrus book.
Okay, then.
Unknown command.
The iguana hisses angrily.
The iguana closely misses you.
Found an amethyst potion.
Okay, then.
Your magical effects are unravelling.
You feel magically purged.
Your magical contamination has completely faded away.
You feel yourself speed up.
You feel a little less agile now.
The worker ant twitches its antennae in your direction.
The freezing wraith hits you but does no damage. x2
The orc warrior misses you. The freezing wraith misses you.
The freezing wraith hits you but does no damage.
The crimson imp shouts!
You hear a shout!
The acid dragon spits acid at you. The splash of acid hits you!
You die...

.........<
..#......##..........
......... .........T
#....... ..........
#...... .###......
#.# ##..... ##..<..
##.. ..... .K##....
#...: #.a# ..#
#...####.
.....####.@# ...#
#....#...
......D:...#...#
#...#.8.
..D....##aWl...#
#......8
#....o..#5..#
#...#.8.
#.#..s..#..##
##..#... ...8.oo....#
!# #$ ###)
.oooo.o.....### #
#... ⌠o.8.........#
#..#. ..o#..........#
#T####


You could see a freezing wraith, 2 orc warriors, an acid dragon, a scorpion, an
iguana, 2 worker ants, a crimson imp and an orc.

Vanquished Creatures
  A two-headed ogre (D:9)
  Pikel (D:6)
  Psyche (D:8)
  A sky beast (D:9)
  An ice beast (D:9)
  An orc warrior (D:7)
  4 slaves
  A black bear (D:8)
  A hornet zombie (D:6)
  A necrophage (D:7)
  2 phantoms
  3 ogres
  3 centaurs
  6 bullfrogs
  A wyvern skeleton (D:9)
  A scorpion (D:9)
  A water moccasin skeleton (D:9)
  5 killer bees (D:7)
  6 howler monkeys
  2 bullfrog zombies
  A centaur zombie (D:8)
  3 hounds (D:6)
  A crimson imp (D:5)
  An orc priest (D:8)
  5 orc wizards
  4 jellies
  3 bullfrog skeletons
  2 iguanas (D:5)
  4 worker ants
  2 killer bee zombies
  2 worker ant zombies
  16 gnolls
  6 adders
  3 shadow imps
  5 oozes (D:8)
  An adder zombie (D:8)
  3 worms
  A dart slug (D:3)
  5 leopard geckos
  18 orcs
  6 bats
  3 giant cockroaches
  7 goblins
  3 hobgoblins
  13 jackals
  8 kobolds
  5 quokkas
  A ball python (D:1)
  3 frilled lizards
  2 jackal skeletons
  A jackal zombie (D:7)
  9 rats
190 creatures vanquished.

Notes
Turn   | Place    | Note
-------+----------+-------------------------------------------
     0 | D:1      | frimble the Halfling Warper began the quest for the Orb.
     0 | D:1      | Reached XP level 1. HP: 14/14 MP: 3/3
   369 | D:1      | Reached XP level 2. HP: 17/19 MP: 4/4
   952 | D:2      | Reached XP level 3. HP: 24/24 MP: 5/5
  1028 | D:2      | Reached skill level 1 in Stealth
  1519 | D:2      | Reached XP level 4. HP: 15/29 MP: 6/6
  2272 | D:3      | Learned a level 2 spell: Blink
  2563 | D:3      | Reached skill level 1 in Slings
  2563 | D:3      | Reached XP level 5. HP: 32/34 MP: 7/7
  2955 | D:4      | Found a staircase to the Ecumenical Temple.
  2965 | Temple   | Entered the Ecumenical Temple
  3174 | Temple   | Became a worshipper of Warmaster Okawaru
  3439 | D:4      | Reached skill level 2 in Slings
  3457 | D:4      | Found a shattered altar of Ashenzari.
  3466 | D:4      | Found an opulent altar of Gozag.
  3470 | D:4      | Found a stormy altar of Qazlal.
  3927 | D:5      | Entered Level 5 of the Dungeon
  3934 | D:5      | Reached XP level 6. HP: 34/39 MP: 8/8
  3942 | D:5      | Reached skill level 3 in Slings
  4052 | D:5      | Found an opulent altar of Gozag.
  4116 | D:5      | Reached skill level 5 in Short Blades
  4867 | D:6      | Noticed a slave
  4885 | D:5      | Reached skill level 4 in Slings
  4939 | D:5      | Reached XP level 7. HP: 24/44 MP: 9/9
  5118 | D:6      | Reached * piety under Okawaru
  5252 | D:6      | Found a bloodstained altar of Trog.
  5309 | D:6      | Reached skill level 5 in Slings
  5883 | D:6      | Reached skill level 1 in Invocations
  5883 | D:6      | Reached XP level 8. HP: 42/50 MP: 4/10
  6094 | D:6      | Noticed Pikel
  6480 | D:6      | Reached skill level 6 in Slings
  6480 | D:6      | Reached skill level 5 in Stealth
  6676 | D:6      | Killed Pikel
  6676 | D:6      | Reached ** piety under Okawaru
  6676 | D:6      | Reached skill level 7 in Slings
  6676 | D:6      | Reached XP level 9. HP: 44/54 MP: 10/12
  6691 | D:6      | Found a stormy altar of Qazlal.
  6823 | D:7      | Reached skill level 8 in Slings
  6834 | D:7      | Reached *** piety under Okawaru
  7041 | D:7      | Reached skill level 5 in Invocations
  7258 | D:7      | Reached skill level 9 in Slings
  8080 | D:8      | Noticed Psyche
  8103 | D:8      | Killed Psyche
  8103 | D:8      | Reached **** piety under Okawaru
  8103 | D:8      | Received a gift from Okawaru
  8103 | D:8      | Reached skill level 10 in Slings
  8103 | D:8      | Reached XP level 10. HP: 40/61 MP: 14/14
  9008 | D:8      | Received a gift from Okawaru
  9320 | D:9      | Reached skill level 10 in Short Blades
  9449 | D:9      | Reached skill level 11 in Slings
  9712 | D:9      | Noticed a two-headed ogre
  9713 | D:9      | Killed a two-headed ogre
  9713 | D:9      | Reached skill level 12 in Slings
  9741 | D:9      | Reached skill level 1 in Evocations
  9836 | D:9      | Identified the +3 ring mail of Imperfection {+Fly rCorr
                  | MP+9 Dex-3}
  9866 | D:9      | Found a roughly hewn altar of Beogh.
  9866 | D:9      | Noticed a freezing wraith
  9869 | D:9      | HP: 3/63 [freezing wraith (8)]
  9872 | D:9      | Killed from afar by an acid dragon

Levels and vault maps discovered:
D:1:      minmay_arrival_three_doors, layout_loops_ring
D:2:      layout_basic, grunt_decor_one_mirror, chequers_arboretum,
          minmay_misc_feat_chi
D:3:      layout_loops_cross
D:4:      layout_gridville, minmay_overflow_temple_star_quad,
          minmay_temple_entry_waves, lemuel_old_faithful
D:5:      layout_loops_ring, first_ration, basic_altar, dk_rats_in_the_wall
D:6:      layout_cave_pools, hangedman_feature_mirror, uniq_pikel
D:7:      layout_rooms
D:8:      layout_loops_corners, hangedman_little_slice_of_home, uniq_psyche
D:9:      minmay_the_grid_octo_tiled_octocenter [minmay_the_grid_octo_checkered,
          minmay_the_grid_octo_teeth, minmay_the_grid_octo_vomiting_pacman,
          minmay_the_grid_octo_horde,
          minmay_the_grid_octo_prize_ultimate_mussel_roller,
          minmay_the_grid_square_5x5_two, minmay_the_grid_square_5x5_shrine1,
          minmay_the_grid_square_5x5_six_small,
          minmay_the_grid_square_5x5_moneybag], layout_rooms,
          nicolae_overflow_crystal_walls, david_orc_5
Temple:   dpeg_five_rooms_temple

Skill      XL: |  1  2  3  4  5  6  7  8  9 10 |
---------------+-------------------------------+-----
Short Blades   | 3 4 5 6 7 9 10 | 10.0
Stealth        | 1 2 3 4 5 |  5.0
Throwing       | 2 |  2.0
Slings         | 1 2 4 5 7 10 12 | 12.1
Translocations | 4 |  4.1
Invocations    | 1 4 6 |  6.0
Fighting       | 2 3 |  3.4
Armour         | 2 |  2.3
Evocations     | 1 |  1.4
Dodging        | 3 |  3.0
Spellcasting   | |  1.6

Action                   |  1- 3 |  4- 6 |  7- 9 | 10-12 || total
-------------------------+-------+-------+-------+-------++-------
Melee: Short sword       |    59 |       |       |       ||    59
       Dagger            |    70 |   180 |   381 |   213 ||   844
 Fire: Hunting sling     |       |     5 |    77 |    64 ||   146
Throw: Dart              |     3 |       |     5 |       ||     8
 Cast: Blink             |       |     3 |     7 |     5 ||    15
Invok: Heroism           |       |       |     1 |     1 ||     2
Evoke: Wand              |       |       |       |     1 ||     1
  Use: Scroll            |       |       |     7 |     8 ||    15
       Potion            |       |       |       |     3 ||     3
 Stab: Sleeping          |     1 |     9 |     6 |     6 ||    22
  Eat: Chunk             |     2 |     2 |     6 |     3 ||    13
       Ration            |       |     3 |     1 |     1 ||     5
Armor: Leather armour    |    28 |    46 |    91 |    57 ||   222
Dodge: Dodged            |    78 |    95 |   215 |    89 ||   477

Table legend:
 A = Non-vault XP
 B = Vault XP
 C = Vault XP percentage of total XP
 D = Non-vault monster count
 E = Vault monster count
 F = Vault count percentage of total count
                 A         B        C        D         E       F
            +---------+---------+-------+---------+---------+-------
      Total |    4973 |    1840 |  27.0 |     169 |      17 |   9.1
            +---------+---------+-------+---------+---------+-------
        D:1 |      24 |       0 |   0.0 |      16 |       0 |   0.0
        D:2 |      54 |       0 |   0.0 |      23 |       0 |   0.0
        D:3 |      93 |       0 |   0.0 |      19 |       0 |   0.0
        D:4 |      68 |       0 |   0.0 |       6 |       0 |   0.0
        D:5 |     280 |       0 |   0.0 |      17 |       0 |   0.0
        D:6 |     916 |     766 |  45.5 |      28 |       2 |   6.7
        D:7 |    1222 |       0 |   0.0 |      25 |       0 |   0.0
        D:8 |     744 |     627 |  45.7 |      26 |       9 |  25.7
        D:9 |    1572 |     447 |  22.1 |       9 |       6 |  40.0
            +---------+---------+-------+---------+---------+-------
